 Dungeon Crawl Stone Soup version 0.28.0-53-g5a82cb258f (webtiles) character file.

Game seed: 3082587890661934747

24 jamesp the Caller (level 2, 0/19 HPs)
             Began as a Mummy Summoner on July 29, 2022.
             Slain by a quokka (2 damage)
             ... on level 1 of the Dungeon.
             The game lasted 00:03:20 (846 turns).

jamesp the Caller (Mummy Summoner)                   Turns: 846, Time: 00:03:20

Health: 0/19       AC:  2    Str: 11    XL:     2   Next: 79%
Magic:  5/6        EV: 12    Int: 14    God:
Gold:   28         SH:  0    Dex: 12    Spells: 6/7 levels left

rFire   x . .      SeeInvis .   b - +2 short sword (speed)
rCold   + . .      Faith    .   (no shield)
rNeg    + + +      Spirit   .   a - +0 robe
rPois   ∞          Reflect  .   (no helmet)
rElec   .          Harm     .   (no cloak)
rCorr   .          Rampage  .   (no gloves)
Will    .....                   (no boots)
Stlth   ++........              (no amulet)
HPRegen 0.06/turn               (no ring)
MPRegen 0.10/turn               (no ring)

@: no status effects
A: cold resistance 1, negative energy resistance 3, torment resistance 2, heat
vulnerability 1, no potions
a: no special abilities


You were on level 1 of the Dungeon.
You visited 1 branch of the dungeon, and saw 2 of its levels.

You collected 28 gold pieces.

Inventory:

Hand Weapons
 b - a +2 short sword of speed (weapon)
Missiles
 c - 4 stones
 e - 21 bolts
Armour
 a - a +0 robe (worn)
 d - a +0 leather armour


   Skills:
 + Level 2.0 Dodging
 - Level 1.7 Stealth
 + Level 3.2 Spellcasting
 + Level 3.5 Summonings


You had 6 spell levels left.
You knew the following spells:

 Your Spells              Type           Power      Damage    Failure   Level
a - Summon Small Mammal   Summ           48%        N/A       4%          1

Your spell library contained the following spells:

 Spells                   Type           Power      Damage    Failure   Level
 Call Imp                 Summ           12%        N/A       8%          2
 Call Canine Familiar     Summ           12%        N/A       14%         3
 Summon Guardian Golem    Hex/Summ       7%         N/A       30%         3
 Summon Lightning Spire   Summ/Air       7%         N/A       69%         4


Dungeon Overview and Level Annotations

Branches:
Dungeon (2/15)

Altars:


Innate Abilities, Weirdness & Mutations

You are immune to poison.
Your flesh is cold resistant. (rC+)
You are immune to negative energy. (rN+++)
You are immune to unholy pain and torment.
You are vulnerable to heat. (rF-)
You do not drink.


Message History

You kill the jackal!
The quokka twitches its whiskers.
The quokka bites you. The quokka closely misses you.
The jackal barely misses you.
You barely miss the jackal. The jackal closely misses you.
You hit the jackal.
The jackal is severely wounded.
The jackal bites you.
You hit the jackal.
The jackal is severely wounded.
The jackal bites you. x2
You hit the jackal.
You kill the jackal!
Your Dodging skill increases to level 2!
You barely miss the giant cockroach. The giant cockroach barely misses you.
You hit the giant cockroach.
The giant cockroach is almost dead.
The giant cockroach waves its antennae.
The giant cockroach bites you but does no damage.
You puncture the giant cockroach!
You kill the giant cockroach!
You hit the jackal.
The jackal is severely wounded.
The jackal closely misses you.
You completely miss the jackal.
The jackal is severely wounded.
The jackal bites you.
You miss the jackal.
The jackal is severely wounded.
The jackal misses you.
You hit the jackal.
You kill the jackal!
You barely miss the quokka. The quokka bites you.
* * * LOW HITPOINT WARNING * * *
You barely miss the quokka. The quokka bites you.
* * * LOW HITPOINT WARNING * * *
Casting: Summon Small Mammal (safe; 4% risk of failure)
Confirm with . or Enter, or press ? or * to list all spells.
The quokka bites you.
You die...

#..# #.# .#.##
###.##..###.## #..$.#
.............### .....
....##.......... #....
### #.....!.... #.#.#
######..###..### ##.#.#
#..............#
#..#.####.####.......#.#
#..†r@b............#.#
#.#####.####..###..#.#
#.# #.####..# #..#.# #h#
#.......###...#. #.#
#####........### ...
###.#.......#. ...
....#......#.# #...#
##........)#.> .....
..........###


You could see a quokka (ally target) and a friendly bat (summoned).

Vanquished Creatures
  5 bats (D:1)
  2 endoplasms (D:1)
  3 giant cockroaches (D:1)
  3 jackals (D:1)
  A quokka (D:1)
  A ball python (D:1)
  A kobold (D:1)
  A rat (D:1)
17 creatures vanquished.

Vanquished Creatures (collateral kills)
  An endoplasm (D:1)
  A kobold (D:1)
  A bat (D:1)
  A rat (D:1)
4 creatures vanquished.

Grand Total: 21 creatures vanquished

Notes
Turn   | Place    | Note
-------+----------+-------------------------------------------
     0 | D:1      | jamesp the Mummy Summoner began the quest for the Orb.
     0 | D:1      | Reached XP level 1. HP: 13/13 MP: 4/4
    42 | D:1      | Found a faded altar of an unknown god.
   371 | D:1      | Reached XP level 2. HP: 14/19 MP: 6/6
   846 | D:1      | Slain by a quokka

Illustrated notes

Levels and vault maps discovered:
D:1:      dpeg_arrival_tiny_k, layout_loops_ring,
          hellmonk_ecumenical_altar_arch_garden, minmay_misc_feat_rows
D:2:      layout_basic, serial_shops, shop, uniq_robin

Skill      XL: |  1  2 |
---------------+-------+-----
Spellcasting   | 3 |  3.2
Dodging        | 2 |  2.0
Stealth        | |  1.7
Summonings     | |  3.5

Action                   || total
-------------------------++-------
Melee: Unarmed           ||    23
       Short sword       ||    53
 Cast: Summon Small Mamm ||    10
 Stab: Sleeping          ||     2
Armor: Robe              ||    19
Dodge: Dodged            ||    65
